 Dungeon Crawl Stone Soup version 0.29-a0-111-gbaf749a769 (webtiles) character file.

Game seed: 3463752995399274164

8 Hubjo the Sneak (level 2, -3/20 HPs)
             Began as a Vampire Enchanter on Feb 17, 2022.
             Slain by a hobgoblin (4 damage)
             ... on level 1 of the Dungeon.
             The game lasted 00:00:51 (214 turns).

Hubjo the Sneak (Vampire Enchanter)                  Turns: 214, Time: 00:00:52

Health: -3/20      AC:  2    Str:  7    XL:     2   Next: 0%
Magic:  5/5        EV: 12    Int: 17    God:
Gold:   0          SH:  0    Dex: 14    Spells: 5/5 levels left

rFire   . . .      SeeInvis +   a - +1 dagger
rCold   . . .      Faith    .   (no shield)
rNeg    . . .      Spirit   .   b - +0 robe
rPois   .          Reflect  .   (no helmet)
rElec   .          Harm     .   (no cloak)
rCorr   .          Rampage  .   (no gloves)
Will    .....                   (no boots)
Stlth   +++.......              (no amulet)
HPRegen 0.26/turn               (no ring)
MPRegen 0.09/turn               (no ring)

@: healing quickly
A: alive, fangs 3, see invisible, vampiric 1
a: Exsanguinate


You were on level 1 of the Dungeon.
You visited 1 branch of the dungeon, and saw 1 of its levels.

Inventory:

Hand Weapons
 a - a +1 dagger (weapon)
Armour
 b - a +0 robe (worn)
Scrolls
 f - a scroll of identify {unknown}
Potions
 c - a potion of invisibility


   Skills:
 * Level 0.6 Fighting
 + Level 1.2 Short Blades
 + Level 2.3 Dodging
 * Level 4.7 Stealth
 - Level 2.0 Spellcasting
 + Level 4.5 Hexes


You had 5 spell levels left.
You didn't know any spells.
Your spell library contained the following spells:

 Spells                   Type           Power      Damage    Failure   Level
 Confusing Touch          Hex            17%        N/A       9%          3
 Tukima's Dance           Hex            17%        N/A       9%          3
 Ensorcelled Hibernation  Hex/Ice        18%        N/A       12%         2
 Dazzling Flash           Conj/Hex       18%        N/A       22%         3


Dungeon Overview and Level Annotations

Branches:
Dungeon (1/15)

Altars:


Innate Abilities, Weirdness & Mutations

Your natural rate of healing is accelerated.
You have razor-sharp teeth.
You have supernaturally acute eyesight. (SInv)
You are afflicted with vampirism.


Message History

You hit the giant cockroach. You bite the giant cockroach.
You kill the giant cockroach!
You hit the quokka.
The quokka is almost dead.
The hobgoblin barely misses you. The quokka closely misses you.
You hit the quokka.
You kill the quokka!
The hobgoblin hits you. The hobgoblin closely misses you.
The ball python closely misses you. The ball python barely misses you.
The hobgoblin hits you. The hobgoblin misses you.
You closely miss the hobgoblin. The ball python misses you.
The ball python grabs you. The ball python constricts you.
The hobgoblin barely misses you. The ball python bites you.
The ball python constricts you. The hobgoblin hits you.
* * * LOW HITPOINT WARNING * * *
You escape the ball python's grasp.
The hobgoblin completely misses you. The hobgoblin closely misses you.
You barely miss the ball python. You bite the ball python.
You kill the ball python!
The hobgoblin closely misses you.
The hobgoblin hits you but does no damage.
You have reached level 2!
You see here a quokka corpse.
You are too injured to fight recklessly!
The hobgoblin hits you but does no damage.
The hobgoblin hits you.
* * * LOW HITPOINT WARNING * * *
The hobgoblin barely misses you. The hobgoblin closely misses you.
The hobgoblin hits you.
* * * LOW HITPOINT WARNING * * *
The hobgoblin barely misses you. The hobgoblin hits you.
* * * LOW HITPOINT WARNING * * *
The hobgoblin barely misses you.
The hobgoblin hits you but does no damage.
The hobgoblin hits you.
* * * LOW HITPOINT WARNING * * *
The hobgoblin hits you.
You die...

.... ..# ..###
#########...##
#.........#.(# #
#.........##.####
#.........##.#...
####g...............
#..@g...............
#.#########.#.......
#[# #......... #.#
###....... #.#
#....... #.# ...
#....... #.##.8.#
##...... #.##...#
#......[ #.###+###
#.......


You could see 2 hobgoblins.

Vanquished Creatures
  A giant cockroach (D:1)
  A goblin (D:1)
  2 hobgoblins (D:1)
  A quokka (D:1)
  A ball python (D:1)
  A frilled lizard (D:1)
7 creatures vanquished.

Notes
Turn   | Place    | Note
-------+----------+-------------------------------------------
     0 | D:1      | Hubjo the Vampire Enchanter began the quest for the Orb.
     0 | D:1      | Reached XP level 1. HP: 13/13 MP: 3/3
   186 | D:1      | Reached XP level 2. HP: 4/20 MP: 5/5
   213 | D:1      | HP: 1/20 [hobgoblin (2)]
   214 | D:1      | Slain by a hobgoblin

Illustrated notes

Levels and vault maps discovered:
D:1:      minmay_arrival_stair_chambers, layout_rooms,
          shapermc_ecumenical_altar_pompeii, serial_shops, shop

Action                   || total
-------------------------++-------
Melee: Dagger            ||    29
       Bite              ||     4
  Use: Scroll            ||     2
Armor: Robe              ||    11
Dodge: Dodged            ||    56

Table legend: (Time is in decaauts)
 A = Elapsed time spent in this place.
 B = Non-inter-level travel time spent in this place.
 C = Inter-level travel time spent in this place.
 D = Time resting spent in this place.
 E = Time spent auto-exploring this place.
 F = Levels seen in this place.
 G = Mean time per level.
                   A        B        C        D        E       F      G
               +--------+--------+--------+--------+--------+-----+--------+
         Total |    212 |    212 |      0 |      4 |     48 |   1 |  212.0 |
       Dungeon |    212 |    212 |      0 |      4 |     48 |   1 |  212.0 |
               +--------+--------+--------+--------+--------+-----+--------+

Top non-repeatable levels by time:
     D:1: 212 daAuts
